| TOP OF THE 1ST |
|
Cleveland Guardians batting - Pitching for Tampa Bay Rays : RHP Kevin Murray
|
|
Pitching: RHP Kevin Murray
|
|
|
Batting: LHB José Álvarez
|
0-0: Called Strike 0-1: Called Strike 0-2: Ground out 5-3 (Groundball, 56, EV 93.8 MPH)
|
|
Batting: RHB Liam Thompson
|
0-0: Ground out 6-3 (Groundball, 6M, EV 86.3 MPH)
|
|
Batting: RHB Ernie Jones
|
0-0: Called Strike 0-1: Ball 1-1: Swinging Strike 1-2: Strikes out looking
|
| Top of the 1st over - 0 runs, 0 hits, 0 errors, 0 left on base; Cleveland 0 - Tampa Bay 0 |
| BOTTOM OF THE 1ST |
|
Tampa Bay Rays batting - Pitching for Cleveland Guardians : RHP Sandor Visser
|
|
Pitching: RHP Sandor Visser
|
|
|
Batting: RHB Bobby Davenport
|
0-0: Ball 1-0: Fly out, F9 (Line Drive, 9S, EV 66.9 MPH)
|
|
Batting: RHB Ryan McBroom
|
0-0: Ball 1-0: Called Strike 1-1: Foul Ball, location: 3SF 1-2: Foul Ball, location: 25FF 1-2: SINGLE (Flyball, 3D, EV 99.4 MPH)
|
|
Batting: LHB Dan Mitchell
|
0-0: Ball 1-0: Swinging Strike 1-1: Fly out, F8 (Flyball, 8RD, EV 107.5 MPH)
|
|
Batting: LHB Eric Cox
|
0-0: Ball 1-0: Ball 2-0: Called Strike 2-1: Called Strike 2-2: Ball 3-2: Strikes out swinging
|
| Bottom of the 1st over - 0 runs, 1 hit, 0 errors, 1 left on base; Cleveland 0 - Tampa Bay 0 |
| TOP OF THE 2ND |
|
Cleveland Guardians batting - Pitching for Tampa Bay Rays : RHP Kevin Murray
|
|
Batting: RHB Vladimir Guerrero Jr.
|
0-0: Ball 1-0: Foul Ball, location: 2F 1-1: Foul Ball, location: 5DF 1-2: Strikes out swinging
|
|
Batting: SHB Brett Austin
|
0-0: Foul Ball, location: 5FF 0-1: Foul Ball, location: 5DF 0-2: Ball 1-2: Ball 2-2: SINGLE (Groundball, 3D, EV 96.3 MPH)
|
|
Batting: RHB Juan Martínez
|
0-0: Ball 1-0: Ball 2-0: Ball 3-0: Base on Balls Brett Austin to second
|
|
Batting: LHB Joe Young
|
0-0: Bunt - Flyout to 13S! F1
|
|
Batting: RHB Jesús Santos
|
0-0: Called Strike 0-1: Hit by Pitch Brett Austin to third Juan Martínez to second
|
|
Batting: RHB Robby Harper
|
0-0: Ball 1-0: Reached on error, E3 (Groundball, 3S, EV 82.5 MPH) Brett Austin scores Juan Martínez to third Jesús Santos to second
|
|
Batting: LHB José Álvarez
|
0-0: Ball 1-0: Called Strike 1-1: Ball 2-1: Called Strike 2-2: Ball 3-2: Fielders Choice at 3rd, U5 (Groundball, 5L, EV 106.9 MPH)
|
| Top of the 2nd over - 1 run, 1 hit, 1 error, 2 left on base; Cleveland 1 - Tampa Bay 0 |
| BOTTOM OF THE 2ND |
|
Tampa Bay Rays batting - Pitching for Cleveland Guardians : RHP Sandor Visser
|
|
Batting: RHB Dylan Veeck
|
0-0: Called Strike 0-1: Foul Ball, location: 5SF 0-2: Ball 1-2: Foul Ball, location: 5FF 1-2: Ball 2-2: Foul Ball, location: 2F 2-2: Strikes out swinging
|
|
Batting: SHB Osvaldo Leme
|
0-0: Called Strike 0-1: Foul Ball, location: 2F 0-2: Foul Ball, location: 2RF 0-2: Strikes out swinging
|
|
Batting: RHB Jesús Pacheco
|
0-0: Ball 1-0: DOUBLE (Flyball, 8RXD, EV 94.4 MPH)
|
|
Batting: RHB Enrico Vázquez
|
0-0: Called Strike 0-1: Called Strike 0-2: Ball 1-2: Ball 2-2: Foul Ball, location: 3SF 2-2: Foul Ball, location: 7LSF 2-2: Foul Ball, location: 9LMF 2-2: Fly out, F8 (Flyball, 8LD, EV 110.6 MPH)
|
| Bottom of the 2nd over - 0 runs, 1 hit, 0 errors, 1 left on base; Cleveland 1 - Tampa Bay 0 |
| TOP OF THE 3RD |
|
Cleveland Guardians batting - Pitching for Tampa Bay Rays : RHP Kevin Murray
|
|
Batting: RHB Liam Thompson
|
0-0: Called Strike 0-1: Fly out, F8 (Flyball, 8LM, EV 86.9 MPH)
|
|
Batting: RHB Ernie Jones
|
0-0: Ball 1-0: Ball 2-0: Swinging Strike 2-1: Swinging Strike 2-2: SINGLE (Groundball, 34D, EV 94.4 MPH)
|
|
Batting: RHB Vladimir Guerrero Jr.
|
0-0: Foul Ball, location: 3FF 0-1: Ball 1-1: Ground out 4-3 (Groundball, 34D, EV 105.0 MPH) Ernie Jones to second
|
|
Batting: SHB Brett Austin
|
0-0: Called Strike 0-1: SINGLE (Groundball, 6MD, EV 107.5 MPH) Ernie Jones to third Runner from 3rd tries for Home, SAFE, throw by CF to home Brett Austin to second
|
|
Batting: RHB Juan Martínez
|
0-0: Foul Ball, location: 9LDF 0-1: Ball 1-1: Foul Ball, location: 2F 1-2: Ball 2-2: Strikes out looking
|
| Top of the 3rd over - 1 run, 2 hits, 0 errors, 1 left on base; Cleveland 2 - Tampa Bay 0 |
| BOTTOM OF THE 3RD |
|
Tampa Bay Rays batting - Pitching for Cleveland Guardians : RHP Sandor Visser
|
|
Batting: RHB Adrian Rondon
|
0-0: Ball 1-0: Swinging Strike 1-1: Foul Ball, location: 3SF 1-2: Ground out 4-3 (Groundball, 34, EV 81.9 MPH)
|
|
Batting: RHB Bobby Davenport
|
0-0: Ground out 5-3 (Groundball, 56, EV 101.3 MPH)
|
|
Batting: RHB Ryan McBroom
|
0-0: Ball 1-0: Called Strike 1-1: Foul Ball, location: 3SF 1-2: Ball 2-2: Ball 3-2: Base on Balls
|
|
Batting: LHB Dan Mitchell
|
0-0: Ground out 4-3 (Groundball, 4, EV 89.4 MPH)
|
| Bottom of the 3rd over - 0 runs, 0 hits, 0 errors, 1 left on base; Cleveland 2 - Tampa Bay 0 |
| TOP OF THE 4TH |
|
Cleveland Guardians batting - Pitching for Tampa Bay Rays : RHP Kevin Murray
|
|
Batting: LHB Joe Young
|
0-0: Ball 1-0: Foul Ball, location: 7LDF 1-1: Swinging Strike 1-2: Ball 2-2: Strikes out swinging
|
|
Batting: RHB Jesús Santos
|
0-0: Called Strike 0-1: Hit by Pitch
|
|
Batting: RHB Robby Harper
|
0-0: Ball 1-0: Foul Ball, location: 9LMF 1-1: Fly out, F9 (Line Drive, 9S, EV 103.1 MPH)
|
|
Batting: LHB José Álvarez
|
0-0: Ball 1-0: Swinging Strike 1-1: Ball 2-1: Ball 3-1: SINGLE (Line Drive, 89S, EV 108.1 MPH) Jesús Santos to second Runner from 2nd tries for 3rd, SAFE, throw by RF made to third
|
|
Batting: RHB Liam Thompson
|
0-0: Ball 1-0: Foul Ball, location: 9LDF 1-1: Foul Ball, location: 5FF 1-2: Fly out, F8 (Flyball, 8RD, EV 105.6 MPH)
|
| Top of the 4th over - 0 runs, 1 hit, 0 errors, 2 left on base; Cleveland 2 - Tampa Bay 0 |
| BOTTOM OF THE 4TH |
|
Tampa Bay Rays batting - Pitching for Cleveland Guardians : RHP Sandor Visser
|
|
Batting: LHB Eric Cox
|
0-0: Foul Ball, location: 2F 0-1: Ball 1-1: Foul Ball, location: 5F 1-2: Strikes out swinging
|
|
Batting: RHB Dylan Veeck
|
0-0: Ball 1-0: Ball 2-0: Called Strike 2-1: Fly out, F9 (Line Drive, 9S, EV 85.6 MPH)
|
|
Batting: SHB Osvaldo Leme
|
0-0: Ground out 5-3 (Groundball, 56, EV 90.0 MPH)
|
| Bottom of the 4th over - 0 runs, 0 hits, 0 errors, 0 left on base; Cleveland 2 - Tampa Bay 0 |
| TOP OF THE 5TH |
|
Cleveland Guardians batting - Pitching for Tampa Bay Rays : RHP Kevin Murray
|
|
Batting: RHB Ernie Jones
|
0-0: Ball 1-0: Swinging Strike 1-1: Swinging Strike 1-2: Ball 2-2: Reached on error, E3 (Groundball, 3, EV 101.9 MPH)
|
|
Batting: RHB Vladimir Guerrero Jr.
|
0-0: Fly out, F8 (Line Drive, 8LM, EV 95.6 MPH)
|
|
Batting: SHB Brett Austin
|
0-0: SINGLE (Groundball, 34D, EV 102.5 MPH) Ernie Jones to second Runner from 2nd tries for 3rd, SAFE, throw by RF made to third
|
|
Batting: RHB Juan Martínez
|
0-0: Fly out, F8 (Flyball, 8LM, EV 92.5 MPH) Runner from 3rd tags up, SCORES, throw by CF
|
|
Batting: LHB Joe Young
|
0-0: Called Strike 0-1: Foul Ball, location: 7LDF 0-2: Ball 1-2: Ball 2-2: Ball 3-2: 2-RUN HOME RUN (Flyball, 8LXD, EV 103.1 MPH), Distance : 414 ft
|
|
Pitching: RHP Chuck Bowers
|
|
|
Batting: RHB Jesús Santos
|
0-0: Ball 1-0: Called Strike 1-1: Ball 2-1: Fly out, F9 (Line Drive, 9D, EV 97.5 MPH)
|
| Top of the 5th over - 3 runs, 2 hits, 1 error, 0 left on base; Cleveland 5 - Tampa Bay 0 |
| BOTTOM OF THE 5TH |
|
Tampa Bay Rays batting - Pitching for Cleveland Guardians : RHP Sandor Visser
|
|
Batting: RHB Jesús Pacheco
|
0-0: Ball 1-0: Called Strike 1-1: Foul Ball, location: 2F 1-2: Strikes out swinging
|
|
Batting: RHB Enrico Vázquez
|
0-0: Ball 1-0: Called Strike 1-1: Foul Ball, location: 2F 1-2: Ball 2-2: Fly out, F7 (Flyball, 7, EV 86.3 MPH)
|
|
Batting: RHB Adrian Rondon
|
0-0: TRIPLE (Flyball, 78XD, EV 99.4 MPH)
|
|
Batting: RHB Bobby Davenport
|
0-0: Called Strike 0-1: Ball 1-1: Called Strike 1-2: Ground out 6-3 (Groundball, 6, EV 82.5 MPH)
|
| Bottom of the 5th over - 0 runs, 1 hit, 0 errors, 1 left on base; Cleveland 5 - Tampa Bay 0 |
| TOP OF THE 6TH |
|
Cleveland Guardians batting - Pitching for Tampa Bay Rays : RHP Chuck Bowers
|
|
Batting: RHB Robby Harper
|
0-0: Called Strike 0-1: Swinging Strike 0-2: Ball 1-2: Ball 2-2: Strikes out swinging
|
|
Batting: LHB José Álvarez
|
0-0: Ball 1-0: Ball 2-0: Ball 3-0: Called Strike 3-1: Base on Balls
|
|
Batting: RHB Liam Thompson
|
0-0: Foul Ball, location: 2F 0-1: Fly out, F9 (Flyball, 89S, EV 84.4 MPH)
|
|
Batting: RHB Ernie Jones
|
0-0: Ball 1-0: SINGLE (Line Drive, 4D, EV 101.3 MPH) José Álvarez to second Runner from 2nd tries for 3rd, SAFE, throw by CF made to third
|
|
Batting: RHB Vladimir Guerrero Jr.
|
0-0: Called Strike 0-1: Ball 1-1: Ball 2-1: Ground out U3 (Groundball, 3S, EV 92.5 MPH)
|
| Top of the 6th over - 0 runs, 1 hit, 0 errors, 2 left on base; Cleveland 5 - Tampa Bay 0 |
| BOTTOM OF THE 6TH |
|
Tampa Bay Rays batting - Pitching for Cleveland Guardians : RHP Sandor Visser
|
|
Batting: RHB Ryan McBroom
|
0-0: Ball 1-0: Foul Ball, location: 9LMF 1-1: Ball 2-1: Fly out, F9 (Line Drive, 9, EV 96.3 MPH)
|
|
Batting: LHB Dan Mitchell
|
0-0: Ball 1-0: Called Strike 1-1: Foul Ball, location: 9LSF 1-2: Foul Ball, location: 2F 1-2: Fly out, F8 (Flyball, 8RXD, EV 110.6 MPH)
|
|
Batting: LHB Eric Cox
|
0-0: Ground out 6-3 (Groundball, 6, EV 104.4 MPH)
|
| Bottom of the 6th over - 0 runs, 0 hits, 0 errors, 0 left on base; Cleveland 5 - Tampa Bay 0 |
| TOP OF THE 7TH |
|
Cleveland Guardians batting - Pitching for Tampa Bay Rays : RHP Chuck Bowers
|
|
Batting: SHB Brett Austin
|
0-0: Ball 1-0: Ball 2-0: SINGLE (Line Drive, 9S, EV 102.5 MPH)
|
|
Batting: RHB Juan Martínez
|
0-0: Ball 1-0: Swinging Strike 1-1: Ball 2-1: Foul Ball, location: 9LDF 2-2: Strikes out swinging
|
|
Batting: LHB Joe Young
|
0-0: Ball 1-0: Fielders Choice at 2nd, 4-6 (Groundball, 4S, EV 92.5 MPH)
|
|
Batting: RHB Jesús Santos
|
0-0: Called Strike 0-1: Ball 1-1: Ball 2-1: Ball 3-1: Foul Ball, location: 2F 3-2: Foul Ball, location: 9LDF 3-2: Foul Ball, location: 2LF 3-2: Base on Balls Joe Young to second
|
|
Batting: RHB Robby Harper
|
0-0: Foul Ball, location: 25FF 0-1: Fly out, F9 (Flyball, 89D, EV 100.6 MPH)
|
| Top of the 7th over - 0 runs, 1 hit, 0 errors, 2 left on base; Cleveland 5 - Tampa Bay 0 |
| BOTTOM OF THE 7TH |
|
Tampa Bay Rays batting - Pitching for Cleveland Guardians : RHP Sandor Visser
|
|
Batting: RHB Dylan Veeck
|
0-0: Called Strike 0-1: Ball 1-1: Foul Ball, location: 2F 1-2: Fly out, F9 (Line Drive, 9, EV 92.5 MPH)
|
|
Batting: SHB Osvaldo Leme
|
0-0: Ball 1-0: Ball 2-0: Called Strike 2-1: Swinging Strike 2-2: Foul Ball, location: 2F 2-2: Foul Ball, location: 5F 2-2: Strikes out swinging
|
|
Batting: RHB Jesús Pacheco
|
0-0: Called Strike 0-1: Foul Ball, location: 9LMF 0-2: Ball 1-2: Strikes out swinging
|
| Bottom of the 7th over - 0 runs, 0 hits, 0 errors, 0 left on base; Cleveland 5 - Tampa Bay 0 |
| TOP OF THE 8TH |
|
Cleveland Guardians batting - Pitching for Tampa Bay Rays : RHP Chuck Bowers
|
|
Batting: LHB José Álvarez
|
0-0: Fly out, F6 (Popup, 6, EV 57.5 MPH)
|
|
Batting: RHB Liam Thompson
|
0-0: Ball 1-0: Ball 2-0: Called Strike 2-1: Ball 3-1: Foul Ball, location: 25FF 3-2: Foul Ball, location: 3SF 3-2: Foul Ball, location: 9LSF 3-2: Ground out 5-3 (Groundball, 56, EV 88.1 MPH)
|
|
Batting: RHB Ernie Jones
|
0-0: Ball 1-0: Foul Ball, location: 23F 1-1: Called Strike 1-2: Strikes out swinging
|
| Top of the 8th over - 0 runs, 0 hits, 0 errors, 0 left on base; Cleveland 5 - Tampa Bay 0 |
| BOTTOM OF THE 8TH |
|
Tampa Bay Rays batting - Pitching for Cleveland Guardians : RHP Sandor Visser
|
|
Batting: RHB Enrico Vázquez
|
0-0: Ball 1-0: Foul Ball, location: 23F 1-1: Ground out U3 (Groundball, 34S, EV 82.5 MPH)
|
|
Pinch Hitting: LHB Joey Bowen
|
0-0: Foul Ball, location: 2F 0-1: SINGLE (Groundball, 4MD, EV 107.5 MPH)
|
|
Batting: RHB Bobby Davenport
|
0-0: Fly out, F7 (Flyball, 7D, EV 98.8 MPH)
|
|
Batting: RHB Ryan McBroom
|
0-0: Ball 1-0: Swinging Strike 1-1: Foul Ball, location: 3DF 1-2: Ball 2-2: Ball 3-2: Fly out, F9 (Line Drive, 9, EV 91.9 MPH)
|
| Bottom of the 8th over - 0 runs, 1 hit, 0 errors, 1 left on base; Cleveland 5 - Tampa Bay 0 |
| TOP OF THE 9TH |
|
Cleveland Guardians batting - Pitching for Tampa Bay Rays : RHP Chuck Bowers
|
|
Pitching: RHP Rocky Smith
|
|
|
Now at 2B: Lonnie Burke
|
|
|
Batting: RHB Vladimir Guerrero Jr.
|
0-0: Foul Ball, location: 2F 0-1: Called Strike 0-2: Strikes out swinging
|
|
Batting: SHB Brett Austin
|
0-0: Ball 1-0: Ball 2-0: Called Strike 2-1: Foul Ball, location: 2F 2-2: Fly out, F4 (Popup, 4MD, EV 63.1 MPH)
|
|
Batting: RHB Juan Martínez
|
0-0: Foul Ball, location: 2F 0-1: Foul Ball, location: 3SF 0-2: Ball 1-2: Ball 2-2: Ball 3-2: Fly out, F1 (Line Drive, P, EV 65.0 MPH)
|
| Top of the 9th over - 0 runs, 0 hits, 0 errors, 0 left on base; Cleveland 5 - Tampa Bay 0 |
| BOTTOM OF THE 9TH |
|
Tampa Bay Rays batting - Pitching for Cleveland Guardians : RHP Sandor Visser
|
|
Batting: LHB Dan Mitchell
|
0-0: Ball 1-0: Foul Ball, location: 2F 1-1: Foul Ball, location: 23FF 1-2: Ball 2-2: SINGLE (Groundball, 34D, EV 110.6 MPH)
|
|
Pitching: RHP Heath Hembree
|
|
|
Batting: LHB Eric Cox
|
0-0: Fly out, F8 (Flyball, 8LD, EV 105.0 MPH)
|
|
Batting: RHB Dylan Veeck
|
0-0: SINGLE (Line Drive, 8LS, EV 109.4 MPH) Dan Mitchell to second
|
|
Batting: SHB Osvaldo Leme
|
0-0: Foul Ball, location: 3F 0-1: Called Strike 0-2: Foul Ball, location: 2F 0-2: Ball 1-2: Strikes out swinging
|
|
Batting: RHB Jesús Pacheco
|
0-0: Ball 1-0: Fly out, F6 (Popup, 6M, EV 61.3 MPH)
|
| Bottom of the 9th over - 0 runs, 2 hits, 0 errors, 2 left on base; Cleveland 5 - Tampa Bay 0 |
|